 Dungeon Crawl Stone Soup version 0.25.0-10-g039870ee82 (webtiles) character file.

Game seed: 1129028102618620203

1391 Froggeryz the Grappler (level 8, -2/43 HPs)
             Began as a Gargoyle Transmuter on June 23, 2020.
             Was a Follower of Cheibriados.
             Slain by a bullfrog (3 damage)
             ... on level 6 of the Dungeon.
             The game lasted 00:07:21 (5648 turns).

Froggeryz the Grappler (Gargoyle Transmuter)        Turns: 5648, Time: 00:07:22

Health: -2/43      AC: 12    Str: 22    XL:     8   Next: 68%
Magic:  11/11      EV: 12    Int: 19    God:    Cheibriados [*.....]
Gold:   378        SH:  5    Dex: 14    Spells: 11/11 levels left

rFire    . . .     SeeInvis .     - Unarmed
rCold    . . .     Gourm    .   h - +0 buckler
rNeg     + . .     Faith    .   f - +0 ring mail
rPois    ∞         Spirit   .   b - +1 hat
rElec    +         Reflect  .   (no cloak)
rCorr    .         Harm     .   (no gloves)
MR       .....                  c - +0 pair of boots
Stlth    +.........             (no amulet)
HPRegen  0.14/turn              m - +6 ring of strength
MPRegen  0.12/turn              (no ring)

@: very slow
A: negative energy resistance 1, electricity resistance, unbreathing,
petrification resistance, rot immunity, AC +5
a: Bend Time, Renounce Religion


You were on level 6 of the Dungeon.
You worshipped Cheibriados.
Cheibriados was aware of your devotion.
You were not hungry.

You visited 2 branches of the dungeon, and saw 7 of its levels.

You collected 378 gold pieces.

Inventory:

Missiles
 a - 160 arrows
 r - 7 silver javelins (quivered)
Armour
 b - a +1 hat (worn)
 c - a +0 pair of boots (worn)
 f - a +0 ring mail (worn)
 h - a +0 buckler (worn)
Jewellery
 m - a +6 ring of strength (left hand)
Wands
 s - a wand of disintegration (6)
Scrolls
 g - 2 scrolls of enchant weapon {unknown}
 i - a scroll of teleportation {unknown}
 j - 2 scrolls of amnesia
 k - 2 scrolls of immolation {unknown}
 l - 8 scrolls of remove curse
 n - a scroll of fog {unknown}
 o - 2 scrolls of noise
 q - a scroll of fear
 x - a scroll of summoning {unknown}
Potions
 e - a potion of mutation
 p - a potion of flight
 t - a potion of cancellation
 u - a potion of brilliance
 v - a potion of lignification {unknown}
Comestibles
 d - 9 rations


   Skills:
 - Level 1.1 Fighting
 + Level 3.0 Dodging
 - Level 5.0 Shields
 * Level 9.2 Unarmed Combat
 - Level 2.0 Spellcasting
   Level 1.5 Transmutations


You had 11 spell levels left.
You didn't know any spells.
Your spell library contained the following spells:

 Spells                   Type           Power        Failure   Level  Hunger
 Beastly Appendage        Tmut           #.....       14%         1    #......
 Sticks to Snakes         Tmut           #.......     22%         2    ###....
 Ensorcelled Hibernation  Hex/Ice        #.....       38%         2    ###....
 Spider Form              Tmut/Pois      #.........   52%         3    ###....
 Ice Form                 Ice/Tmut       #.......     89%         4    #####..
 Blade Hands              Tmut           #.........   99%         5    ######.
 Borgnjor's Vile Clutch   Necr/Erth      #.........   100%        5    ######.
 Silence                  Hex/Air        #.........   100%        5    ######.
 Darkness                 Hex            #.........   100%        6    #######
 Shadow Creatures         Summ           N/A          100%        6    #######


Dungeon Overview and Level Annotations

Branches:
Dungeon (6/15)             Temple (1/1) D:4

Altars:
Ashenzari
Cheibriados
Elyvilon
Fedhas
Gozag
Hepliaklqana
Qazlal
Sif Muna
Trog
Vehumet
Yredelemnul
Zin


Innate Abilities, Weirdness & Mutations

You are resistant to torment.
Your stone body is resilient. (AC +5)
You are immune to poison.
You resist negative energy. (rN+)
You are resistant to electric shocks. (rElec)
You can survive without breathing.
You are immune to petrification.
You are immune to rotting.


Message History

Something hits you but does no damage.
You barely miss the bullfrog.
The bullfrog is lightly wounded.
The bullfrog hits you but does no damage.
Something hits you but does no damage. The bullfrog misses you.
You hit the bullfrog.
The bullfrog is lightly wounded.
Something hits you but does no damage. The bullfrog barely misses you.
You hit the bullfrog.
The bullfrog is moderately wounded.
The bullfrog hits you but does no damage.
You hear some strange, mumbled words.
A magic dart appears from out of thin air!
The magic dart hits you!
* * * LOW HITPOINT WARNING * * *
You punch the bullfrog!
The bullfrog is almost dead.
The bullfrog barely misses you. Something hits you but does no damage.
The bullfrog hits you.
You die...

###### #....####
#.......# #....##.#
#....##.# ###.......###
###### . #...!...##..#
#....# P.P_#...........#
#....#
#..F@.....##.###..).#
#PP...{)...............#
.................##....#
.....................(.#
.#...(...........##....#
.......##..............#
....... #...............
#.........#####.........
...#...............


You could see a bullfrog.

Vanquished Creatures
  Pikel (D:4)
  An orc warrior (D:6)
  A phantom (D:5)
  2 slaves (Temple)
  2 centaurs (D:5)
  An ogre (D:4)
  A wyvern skeleton (D:6)
  2 crimson imps (D:4)
  3 orc wizards
  A gnoll shaman (D:5)
  An orc priest (D:5)
  A worker ant (D:6)
  3 gnolls (D:5)
  5 adders
  A shadow imp (D:3)
  2 adder zombies
  6 worms
  10 dart slugs
  2 leopard geckos
  11 orcs
  3 ball pythons
  3 giant cockroaches
  8 goblins
  9 hobgoblins
  5 jackals
  4 quokkas
  6 bats
  5 frilled lizards
  6 kobolds
  2 leopard gecko skeletons
  9 rats
117 creatures vanquished.

Vanquished Creatures (others)
  2 adders (D:4)
  2 orcs (D:4)
4 creatures vanquished.

Grand Total: 121 creatures vanquished

Notes
Turn   | Place    | Note
-------+----------+-------------------------------------------
     0 | D:1      | Froggeryz the Gargoyle Transmuter began the quest for the
                  | Orb.
     0 | D:1      | Reached XP level 1. HP: 12/12 MP: 3/3
   161 | D:1      | Reached XP level 2. HP: 15/16 MP: 5/5
   665 | D:1      | Reached skill level 4 in Unarmed Combat
   694 | D:1      | Reached XP level 3. HP: 18/20 MP: 6/6
  1310 | D:2      | Reached skill level 1 in Shields
  1600 | D:2      | Reached XP level 4. HP: 17/25 MP: 7/7
  2135 | D:3      | Reached skill level 5 in Unarmed Combat
  2223 | D:3      | Reached XP level 5. HP: 22/29 MP: 8/8
  2955 | D:4      | Found a staircase to the Ecumenical Temple.
  2960 | D:4      | Noticed a slave
  2960 | D:4      | Noticed a slave
  2962 | Temple   | Entered the Ecumenical Temple
  3175 | Temple   | Became a worshipper of Cheibriados the Contemplative
  3209 | Temple   | Killed a slave
  3211 | D:4      | Noticed a slave
  3230 | Temple   | Killed a slave
  3318 | D:4      | Noticed Pikel
  3323 | D:4      | Noticed a slave
  3367 | D:4      | Killed Pikel
  3367 | D:4      | Reached skill level 7 in Unarmed Combat
  3367 | D:4      | Reached XP level 6. HP: 12/34 MP: 9/9
  3367 | D:4      | Reached XP level 7. HP: 14/38 MP: 10/10
  4103 | D:4      | Found a radiant altar of Vehumet.
  4161 | D:5      | Entered Level 5 of the Dungeon
  4187 | D:4      | Reached skill level 5 in Shields
  4284 | D:4      | Reached XP level 8. HP: 43/43 MP: 11/11
  4306 | D:4      | Reached skill level 8 in Unarmed Combat
  4518 | D:5      | Reached * piety under Cheibriados
  5451 | D:6      | Found a blossoming altar of Fedhas.
  5459 | D:6      | Found a bloodstained altar of Trog.
  5620 | D:6      | Found a glowing silver altar of Zin.
  5626 | D:6      | Reached skill level 9 in Unarmed Combat
  5647 | D:6      | HP: 1/43 [something/magic dart (11)]
  5648 | D:6      | Slain by a bullfrog

Illustrated notes

Levels and vault maps discovered:
D:1:      lightli_arrival_quake, layout_basic, minmay_door_square,
          hangedman_decor_growths
D:2:      layout_loops_ring, first_ration, kennysheep_boxes
D:3:      kennysheep_slugbush, layout_basic, grunt_decor_arrowhead,
          chequers_serial_rivers_micro_d, chequers_serial_rivers_micro_a
D:4:      layout_loops_cross, lemuel_coloured_pillars_altar,
          minmay_temple_entry_offerings, uniq_pikel
D:5:      layout_basic
D:6:      layout_rooms, nicolae_overflow_crystal_walls,
          gammafunk_temple_overflow_statue, gammafunk_temple_overflow_forgotten,
          fedhas_altar_3, bloody_trog
Temple:   compressed_dpeg_triangle_lava_temple

Skill      XL: |  1  2  3  4  5  6  7  8 |
---------------+-------------------------+-----
Unarmed Combat | 4 5 7 9 |  9.2
Shields        | 1 2 4 5 |  5.0
Dodging        | 3 |  3.0
Fighting       | |  1.1
Spellcasting   | |  2.0
Transmutations | |  1.5

Action                   |  1- 3 |  4- 6 |  7- 9 || total
-------------------------+-------+-------+-------++-------
Melee: Unarmed           |   175 |   207 |   190 ||   572
       Punch             |     3 |     4 |       ||     7
Throw: Javelin           |       |       |     1 ||     1
  Use: Potion            |       |     4 |     1 ||     5
       Scroll            |       |       |     9 ||     9
  Eat: Chunk             |     2 |     5 |     4 ||    11
       Ration            |       |       |     1 ||     1
Armor: Robe              |    44 |       |       ||    44
       Ring mail         |    25 |   140 |    97 ||   262
Dodge: Dodged            |   117 |   148 |    82 ||   347
Block: Buckler           |       |       |    38 ||    38
